 Dungeon Sprint DCSS version bcrawl-1.34.5 (webtiles) character file.

Game seed: 13232370885721747999

1443201 DungeonMaster the Severer (level 10, -8/132 HPs)
             Began as a Demonspawn Archaeologist on Dec 17, 2021.
             Was an Initiate of Gozag.
             Mangled by a demonic crawler (13 damage)
             ... in the Dungeon (Sprint I: "Red Sonja").
             The game lasted 00:12:26 (1325 turns).

DungeonMaster the Severer (DsAc)                    Turns: 1325, Time: 00:12:27

Health: -8/132     AC: 11    Str: 20    XL:     10   Next: 82%
Magic:  10/10      EV: 31    Int: 18    God:    Gozag
Gold:   81         SH:  0    Dex: 28    Spells: 9/9 levels left

rFire    . . .     SeeInvis +   a - +3 executioner's axe of Resumed Hostilities {freeze, rPois Int+2 Dex+4 SInv}
rCold    + . .     Gourm    .   (shield currently unavailable)
rNeg     . . .     Faith    .   x - +3 ring mail "Aneuq Hap" {*Drain rPois Regen+ Dex+4}
rPois    +         Spirit   .   (helmet unavailable)
rElec    .         Reflect  .   (no cloak)
rCorr    .         Harm     .   (no gloves)
MR       .....     NoTele   +   q - +0 pair of boots {Fly}
Stlth    ..........             (no amulet)
HPRegen  0.72/turn              (no ring)
MPRegen  0.12/turn              (no ring)

@: agile, berserking, gold aura, flying, very quick
A: antennae 3, repulsion field 2, agile 1, blurry vision 1, cold resistance 1,
demonic guardian 1, strong 1
a: Potion Petition, Call Merchant, Bribe Branch, Renounce Religion, Stop Flying


You were in the Dungeon.
You worshipped Gozag.
Gozag was noncommittal.
You were not hungry.

You visited 1 branch You collected 1987 gold pieces.
You spent 1906 gold pieces at shops.

Inventory:

Hand Weapons
 a - the +3 executioner's axe of Resumed Hostilities (weapon) {freeze, rPois Int+2 Dex+4 SInv}
   (You acquired it in the Dungeon)

   It has been specially enchanted to freeze those struck by it, increasing
   damage dealt by approximately one third against foes not resistant or
   susceptible to cold, and potentially slowing cold-blooded foes.
   It affects your intelligence (+2).
   It affects your dexterity (+4).
   It protects you from poison.
   It lets you see invisible.
 b - a +1 blowgun
 f - a +0 scythe of venom
 h - a +1 dagger of draining
 l - the +3 hand axe of Extremism {protect, rF+}
   (You found it in the Dungeon)

   It grants its wielder temporary protection when it strikes (+7 to AC).
   It protects you from fire.
 r - a +0 hunting sling
Missiles
 c - 7 curare-tipped needles
 s - 225 sling bullets
Armour
 q - a +0 pair of boots of flying (worn)
 u - a +1 ring mail of cold resistance
 x - the +3 ring mail "Aneuq Hap" (worn) {*Drain rPois Regen+ Dex+4}
   (You bought it in a shop in the Dungeon)

   It affects your dexterity (+4).
   It protects you from poison.
   It increases your rate of regeneration.
   It causes draining when unequipped.
Wands
 d - a wand of flame (15)
 p - a wand of polymorph (5)
Scrolls
 o - 2 scrolls of blinking
 w - 2 scrolls of remove curse
Potions
 j - 4 potions of curing
 k - a potion of mutation
 m - 2 potions of magic
 v - 3 potions of resistance
 z - 3 potions of cancellation
 A - 2 potions of invisibility
 C - a potion of might
Comestibles
 e - 6 rations {!d}


   Skills:
 - Level 11.2 Fighting
 - Level 1.0 Short Blades
 * Level 15.6 Axes
   Level 1.2(10.6) Maces & Flails
 - Level 2.1 Slings
 * Level 7.7 Armour
 - Level 10.3 Dodging
 - Level 8.2 Stealth


You had 9 spell levels left.
You didn't know any spells.
Your spell library was empty.

Dungeon Overview and Level Annotations

Branches:
Dungeon (1/1)

Altars:
Cheibriados
Dithmenos
Elyvilon
Fedhas
Gozag
Hepliaklqana
Kikubaaqudgha
Lugonu
Makhleb
Nemelex Xobeh
Okawaru
Qazlal
Ru
Sif Muna
Trog
Uskayaw
Vehumet
Wu Jian
Xom
Yredelemnul
Zin
The Shining One
Jiyva

Shops:
D ([*=[*[:%%([(([*


Innate Abilities, Weirdness & Mutations

You have a pair of large antennae on your head. (SInv)
You are surrounded by a moderate repulsion field. (EV +3)
A weak demonic guardian rushes to your aid.
You are agile. (Dex +2)
Scrolls take you a little longer to read.
Your flesh is cold resistant. (rC+)
Your muscles are strong. (Str +2)


Message History

The demonic crawler hits you but does no damage.
The demonic crawler hits you.
* * * LOW HITPOINT WARNING * * *
The demonic crawler completely misses you.
The demonic crawler hits you but does no damage.
The demonic crawler closely misses you.
The demonic crawler completely misses you. x3
You hit the demonic crawler.
The demonic crawler is severely wounded.
You slash the demonic crawler! You freeze the demonic crawler.
The demonic crawler hits you.
* * * LOW HITPOINT WARNING * * *
The demonic crawler completely misses you. x2
The demonic crawler hits you!
* * * LOW HITPOINT WARNING * * *
The demonic crawler completely misses you. x2
A red film seems to cover your vision as you go berserk!
You feel yourself moving faster!
You feel mighty! The demonic crawler hits you!
You die...
Your body crumbles into a pile of gold.

#####################************
)'.)#.['..#__#..@s.)#$,*,$$,+,,,,
.#..'..#..'..'..#s..#*+*$****,,,,
###'#####'#__####).$'..#$*,***,,,
##..#...#.####§.#####..+$*+*$***+
_####..##.#§§§§§#§.#*+##**,,$*,*,
____##'#_.'§§§.§§§§#,,,,,*,,$***,
.∩[..'..._#§≈§§§#§.#,,,,,+,,$$$**
..__##_.#'##§#####'###,{,*,,,,,*,
____###'#.#(...###.'.#,,,***++**,


You could see 2 demonic crawlers.

Vanquished Creatures
  A centaur warrior (D)
  A deep troll (D)
  Sonja (D)
  2 unseen horrors (D)
  An oklob plant (D)
  2 kobold demonologists (D)
  2 demonic crawlers (D)
  A hornet (D)
  A slime creature (D)
  Sigmund (D)
  2 redbacks (D)
  A yak (D)
  2 floating eyes (D)
  7 necrophages (D)
  An ogre (D)
  8 jellies (D)
  Ijyb (D)
  A ballistomycete (D)
  A ballistomycete spore (D)
37 creatures vanquished.

Vanquished Creatures (collateral kills)
  A centaur warrior (D)
1 creature vanquished.

Vanquished Creatures (others)
  A ballistomycete spore (D)
1 creature vanquished.

Grand Total: 39 creatures vanquished

Notes
Turn   | Place    | Note
-------+----------+-------------------------------------------
     0 | D        | DungeonMaster the Demonspawn Archaeologist began the quest
                  | for the Orb.
     0 | D        | Reached XP level 1. HP: 15/15 MP: 1/1
     1 | D        | Noticed Ijyb
     6 | D        | Killed Ijyb
     7 | D        | Reached skill level 1 in Maces & Flails
     7 | D        | Gained mutation: You are surrounded by a mild repulsion
                  | field. (EV +2) [demonic ancestry]
     7 | D        | Reached XP level 2. HP: 22/22 MP: 2/2
    14 | D        | Noticed an ogre
    22 | D        | Killed an ogre
    23 | D        | Reached skill level 1 in Slings
    23 | D        | Gained mutation: You are surrounded by a moderate repulsion
                  | field. (EV +3) [demonic ancestry]
    23 | D        | Reached XP level 3. HP: 29/29 MP: 3/3
    23 | D        | Reached XP level 4. HP: 35/35 MP: 4/4
    33 | D        | Noticed Sigmund
    49 | D        | Killed Sigmund
    50 | D        | Reached skill level 5 in Fighting
    50 | D        | Reached skill level 1 in Short Blades
    50 | D        | Gained mutation: A weak demonic guardian rushes to your
                  | aid. [demonic ancestry]
    50 | D        | Reached XP level 5. HP: 19/44 MP: 5/5
    50 | D        | Gained mutation: You have a pair of small antennae on your
                  | head. [demonic ancestry]
    50 | D        | Reached XP level 6. HP: 23/51 MP: 6/6
    50 | D        | Identified a scroll of acquirement
   169 | D        | Identified the +3 executioner's axe of Resumed Hostilities
                  | {freeze, rPois Int+2 Dex+4 SInv} (You acquired it in the
                  | Dungeon)
   188 | D        | Found an ornate altar of the Wu Jian Council.
   188 | D        | Found a shimmering blue altar of Sif Muna.
   190 | D        | Found a radiant altar of Vehumet.
   221 | D        | Found Jickimuj's Antique Armour Emporium.
   221 | D        | Found an ancient bone altar of Kikubaaqudgha.
   221 | D        | Found a hazy altar of Hepliaklqana.
   221 | D        | Found a stormy altar of Qazlal.
   221 | D        | Found a hide-covered altar of Uskayaw.
   221 | D        | Found a blossoming altar of Fedhas.
   221 | D        | Found a bloodstained altar of Trog.
   221 | D        | Found an iron altar of Okawaru.
   221 | D        | Found a basalt altar of Yredelemnul.
   221 | D        | Found a glowing golden altar of the Shining One.
   221 | D        | Found a snail-covered altar of Cheibriados.
   221 | D        | Found a sacrificial altar of Ru.
   221 | D        | Found a glowing silver altar of Zin.
   221 | D        | Found a shadowy altar of Dithmenos.
   221 | D        | Found a white marble altar of Elyvilon.
   221 | D        | Noticed a yak
   222 | D        | Found an opulent altar of Gozag.
   228 | D        | Killed a yak
   229 | D        | Reached skill level 3 in Axes
   229 | D        | Found a sparkling altar of Nemelex Xobeh.
   235 | D        | Became a worshipper of Gozag Ym Sagoz the Greedy
   238 | D        | Bought a runed ring mail for 203 gold pieces
   258 | D        | Noticed Sonja
   285 | D        | Killed Sonja
   286 | D        | Reached skill level 5 in Axes
   286 | D        | Reached XP level 7. HP: 40/65 MP: 7/7
   286 | D        | Gained mutation: You have a pair of antennae on your head.
                  | [demonic ancestry]
   286 | D        | Reached XP level 8. HP: 45/72 MP: 8/8
   358 | D        | Found Doprorphe's Weapon Boutique.
   536 | D        | Found a viscous altar of Jiyva.
   536 | D        | Found a corrupted altar of Lugonu.
   536 | D        | Noticed a slime creature
   537 | D        | Found a burning altar of Makhleb.
   537 | D        | Found a shimmering altar of Xom.
   540 | D        | Killed a slime creature
   541 | D        | Reached skill level 10 in Fighting
   541 | D        | Reached skill level 6 in Axes
   541 | D        | Reached skill level 10 in Dodging
   567 | D        | Noticed a deep troll
   579 | D        | Killed a deep troll
   580 | D        | Reached skill level 8 in Axes
   592 | D        | Found Qing's Armour Emporium.
   599 | D        | Bought a +1 hat of magic resistance for 192 gold pieces
   599 | D        | Bought a +0 pair of boots of flying for 138 gold pieces
   762 | D        | Gained mutation: Scrolls take you a little longer to read.
                  | [potion of mutation]
   762 | D        | Gained mutation: Your flesh is cold resistant. (rC+)
                  | [potion of mutation]
   762 | D        | Gained mutation: You are agile. (Dex +2) [potion of
                  | mutation]
   762 | D        | Gained mutation: Your muscles are strong. (Str +2) [potion
                  | of mutation]
   764 | D        | Noticed a centaur warrior
   764 | D        | Noticed a centaur warrior
   767 | D        | Killed a centaur warrior
   768 | D        | Reached skill level 10 in Axes
   768 | D        | Gained mutation: You have a pair of large antennae on your
                  | head. (SInv) [demonic ancestry]
   768 | D        | Reached XP level 9. HP: 81/81 MP: 9/9
   770 | D        | Killed a centaur warrior
   771 | D        | Reached skill level 11 in Axes
   771 | D        | Reached skill level 5 in Armour
   881 | D        | Noticed an oklob plant
   888 | D        | Killed an oklob plant
   889 | D        | Reached skill level 12 in Axes
  1029 | D        | Reached XP level 10. HP: 87/88 MP: 10/10
  1090 | D        | Noticed an unseen horror
  1090 | D        | Noticed an unseen horror
  1097 | D        | Killed an unseen horror
  1098 | D        | Reached skill level 13 in Axes
  1164 | D        | Killed an unseen horror
  1165 | D        | Reached skill level 14 in Axes
  1193 | D        | Got an encrusted hand axe
  1206 | D        | Identified the +3 hand axe of Extremism {protect, rF+} (You
                  | found it in the Dungeon)
  1206 | D        | Found Resud's Jewellery Shoppe.
  1206 | D        | Found Yrro's General Store.
  1206 | D        | Found Zuidiunt's Antique Armour Boutique.
  1208 | D        | Found Podiff's General Store.
  1208 | D        | Found Dypnuwk's Armour Shop.
  1208 | D        | Found Hadaf's Book Shoppe.
  1208 | D        | Found Lava Uno's Food Boutique.
  1208 | D        | Found Wuywar's Food Emporium.
  1208 | D        | Found Qemmucw's Distillery.
  1208 | D        | Found Riykyche's Weapon Shoppe.
  1211 | D        | Bought a ruby-encrusted ring mail for 189 gold pieces
  1211 | D        | Found Nuqoam's Antique Armour Boutique.
  1212 | D        | Bought a scroll of remove curse for 39 gold pieces
  1212 | D        | Found Nydodwod's Antique Weapon Emporium.
  1212 | D        | Found Gyrphiw's Weapon Boutique.
  1213 | D        | Found Eczon's General Store.
  1222 | D        | Bought a scroll of identify for 24 gold pieces
  1222 | D        | Bought a scroll of remove curse for 36 gold pieces
  1222 | D        | Bought a potion of cancellation for 60 gold pieces
  1222 | D        | Bought a scroll of blinking for 90 gold pieces
  1222 | D        | Bought a ration for 60 gold pieces
  1226 | D        | Bought 2 potions of invisibility for 176 gold pieces
  1226 | D        | Bought a potion of agility for 44 gold pieces
  1226 | D        | Bought a potion of might for 44 gold pieces
  1226 | D        | Bought a potion of degeneration for 11 gold pieces
  1227 | D        | Bought a potion of heal wounds for 55 gold pieces
  1227 | D        | Bought a potion of curing for 27 gold pieces
  1227 | D        | Bought a potion of heal wounds for 55 gold pieces
  1227 | D        | Bought a potion of resistance for 110 gold pieces
  1227 | D        | Bought a potion of berserk rage for 33 gold pieces
  1227 | D        | Bought a potion of cancellation for 55 gold pieces
  1227 | D        | Bought a potion of cancellation for 55 gold pieces
  1228 | D        | Bought a ration for 70 gold pieces
  1228 | D        | Bought a ration for 70 gold pieces
  1228 | D        | Bought a ration for 70 gold pieces
  1238 | D        | Identified the +3 ring mail "Aneuq Hap" {*Drain rPois
                  | Regen+ Dex+4} (You bought it in a shop in the Dungeon)
  1292 | D        | Reached skill level 15 in Axes
  1324 | D        | HP: 3/88 [demonic crawler (10)]
  1325 | D        | Mangled by a demonic crawler

Skill      XL: |  1  2  3  4  5  6  7  8  9 10 |
---------------+-------------------------------+-----
Fighting       | 2 3 5 9 11 | 11.2
Maces & Flails | 1 |  1.2
Dodging        | 4 6 7 9 10 | 10.3
Stealth        | 4 6 8 |  8.2
Slings         | 1 2 |  2.1
Short Blades   | 1 |  1.0
Axes           | 5 10 12 15 | 15.6
Armour         | 4 6 7 |  7.7

Action                   |  1- 3 |  4- 6 |  7- 9 | 10-12 || total
-------------------------+-------+-------+-------+-------++-------
Melee: Dagger            |     1 |     9 |       |       ||    10
       Executioner's axe |       |    23 |    29 |    50 ||   102
 Fire: Blowgun           |     4 |     2 |       |       ||     6
       Hunting sling     |     3 |       |       |       ||     3
  Use: Scroll            |       |     3 |     1 |     3 ||     7
       Potion            |       |     1 |     5 |     5 ||    11
 Stab: Sleeping          |       |     3 |     7 |     4 ||    14
       Distracted        |       |     1 |     2 |       ||     3
  Eat: Ration            |       |       |     1 |     1 ||     2
Armor: Ring mail         |       |    25 |     2 |    13 ||    40
Dodge: Dodged            |       |    43 |    22 |   138 ||   203
